 Dungeon Crawl Stone Soup version 0.21.1-1-g345015f (webtiles) character file.

928 n0claF the Chopper (level 7, -3/62 HPs)
             Began as a Minotaur Gladiator on June 22, 2018.
             Killed by divine providence
             ... invoked by an orc priest
              (12 damage)
             ... on level 4 of the Dungeon.
             The game lasted 00:13:49 (2284 turns).

n0claF the Chopper (Minotaur Gladiator)             Turns: 2284, Time: 00:13:50

Health: -3/62      AC: 11    Str: 20    XL:     7   Next: 85%
Magic:  6/6        EV: 10    Int:  5    God:
Gold:   159        SH:  0    Dex: 12    Spells: 6/6 levels left

rFire    . . .     SeeInvis .   a - +0 war axe
rCold    . . .     Gourm    .   (no shield)
rNeg     . . .     Faith    .   n - +0 chain mail
rPois    .         Spirit   .   c - +0 hat
rElec    .         Reflect  .   (no cloak)
rCorr    .         Harm     .   j - +0 pair of gloves
MR       .....                  (no boots)
Stlth    ..........             (no amulet)
HPRegen  0.20/turn              (no ring)
MPRegen  0.10/turn              (no ring)

@: no status effects
A: retaliatory headbutt, horns 2
a: no special abilities


You were on level 4 of the Dungeon.
You were hungry.

You visited 1 branch of the dungeon, and saw 4 of its levels.

You collected 159 gold pieces.

Inventory:

Hand Weapons
 a - a +0 war axe (weapon)
Missiles
 d - 3 throwing nets (quivered) {!f}
Armour
 c - a +0 hat (worn)
 j - a +0 pair of gloves (worn)
   (You found it on level 1 of the Dungeon)
 n - a +0 chain mail (worn)
   (You found it on level 2 of the Dungeon)
Jewellery
 i - an uncursed ring of stealth {unknown}
   (You found it on level 1 of the Dungeon)
 q - an uncursed ring of resist corrosion {unknown}
   (You found it on level 3 of the Dungeon)
Wands
 s - a wand of enslavement (18)
   (You found it on level 3 of the Dungeon)
Scrolls
 f - a scroll of enchant armour {unknown}
 h - 2 scrolls of remove curse {unknown}
 l - 2 scrolls of amnesia {unknown}
 m - a scroll of magic mapping {unknown}
 p - 3 scrolls of identify {unknown}
 t - a scroll of blinking {unknown}
Potions
 b - a potion of heal wounds {unknown}
 g - a potion of agility {unknown}
 k - a potion of cancellation {unknown}
 o - 2 potions of haste {unknown}
 r - a potion of degeneration {unknown}
Comestibles
 e - 7 rations {!d}


   Skills:
 + Level 5.8 Fighting
 + Level 6.5 Axes
 - Level 2.0 Throwing
 + Level 5.1 Armour
 + Level 5.9 Dodging


You had 6 spell levels left.
You didn't know any spells.

Dungeon Overview and Level Annotations

Branches:
Dungeon (4/15)
 Temple: D:4-7

Altars:
Dithmenos
Qazlal
Yredelemnul


Innate Abilities, Weirdness & Mutations

You reflexively headbutt those who attack you in melee.
You have a pair of horns on your head.


Message History

You hit Thian's ghost but do no damage.
Thian's ghost screams, "Zot is a myth, the ORB is a fable, you'll soon be a tale!"
Thian's ghost closely misses you. You furiously retaliate!
You headbutt Thian's ghost. You slash Thian's ghost! Thian's ghost hits you.
* * * LOW HITPOINT WARNING * * *
You hit Thian's ghost but do no damage.
You headbutt Thian's ghost, but do no damage.
Thian's ghost hits you but does no damage.
You slash Thian's ghost! Thian's ghost hits you!
* * * LOW HITPOINT WARNING * * *
Thian's ghost barely misses you.
Some of the chunks of flesh in your inventory have rotted away.
You barely miss Thian's ghost. You headbutt Thian's ghost.
Thian's ghost misses you.
You hit Thian's ghost.
You destroy Thian's ghost!
Your Armour skill increases to level 5!
You start resting.
Eating one of 6 chunks of flesh.
You eat one of the 6 chunks of flesh.
All of the chunks of flesh in your inventory have rotted away.
Found a stone staircase leading down.
You see here a robe.
Found a bubbling yellow potion.
Found a scroll labeled PUEQITUEKH.
k - a bubbling yellow potion
t - a scroll labeled PUEQITUEKH
Found a stone staircase leading up.
You are feeling hungry. 2 orc priests come into view.
The orc priest shouts! x2; You hear a shout!
The orc priest calls down the wrath of Beogh upon you.
You struggle to resist.
An orc wizard comes into view. It is wielding a dagger.
The orc priest invokes the aid of Beogh against you.
Pain shoots through your body!
The orc priest calls down the wrath of Beogh upon you.
Beogh smites you!
You closely miss the orc priest.
The orc priest mumbles some strange prayers to Beogh against you.
Pain shoots through your body!
* * * LOW HITPOINT WARNING * * *
The orc priest invokes the aid of Beogh against you.
Beogh smites you!
* * * LOW HITPOINT WARNING * * *
You closely miss the orc priest. Your headbutt misses the orc priest.
You slash the orc priest!
The orc priest invokes the aid of Beogh against you.
Beogh smites you!
You die...

###############
#...........@o#
#.###########o#
#####.# #o#
......# #.#
####### #.# #
#...⌠oo.. #
....#o..# #
.###.# ## # #.
♣♣


You could see 2 orc priests and an orc wizard.

Vanquished Creatures
  The ghost of Thian the Slasher, an amateur MiFi of Qazlal (D:4)
  Sigmund (D:3)
  Purgy (D:3)
  A phantom (D:4)
  An ogre (D:4)
  2 crimson imps
  An orc priest (D:4)
  An orc wizard (D:4)
  An iguana (D:4)
  A worker ant (D:4)
  A howler monkey zombie (D:3)
  2 adders
  2 oozes
  3 worms
  A dart slug (D:1)
  A leopard gecko (D:2)
  7 orcs
  2 ball pythons
  8 goblins
  4 hobgoblins
  3 jackals (D:2)
  3 quokkas
  7 bats
  4 frilled lizards
  2 kobolds (D:2)
  A quokka skeleton (D:4)
  4 rats
  A spectral orc (D:4)
67 creatures vanquished.

Notes
Turn   | Place    | Note
-------+----------+-------------------------------------------
     0 | D:1      | n0claF the Minotaur Gladiator began the quest for the Orb.
     0 | D:1      | Reached XP level 1. HP: 18/18 MP: 0/0
   104 | D:1      | Reached XP level 2. HP: 25/25 MP: 1/1
   506 | D:2      | Noticed an earth elemental
   507 | D:2      | Reached skill level 1 in Armour
   514 | D:2      | Noticed an air elemental
   516 | D:2      | Found a stormy altar of Qazlal.
   517 | D:2      | Noticed a water elemental
   517 | D:2      | Noticed a fire elemental
   747 | D:2      | Reached skill level 4 in Axes
   751 | D:2      | Reached XP level 3. HP: 25/31 MP: 2/2
   986 | D:2      | Reached XP level 4. HP: 38/38 MP: 3/3
   998 | D:3      | Noticed Purgy
  1027 | D:3      | HP: 1/38 [Purgy (2)]
  1028 | D:3      | Killed Purgy
  1028 | D:3      | Reached XP level 5. HP: 2/46 MP: 4/4
  1203 | D:3      | Noticed Sigmund
  1319 | D:3      | Killed Sigmund
  1319 | D:3      | Reached skill level 5 in Axes
  1319 | D:3      | Reached XP level 6. HP: 45/53 MP: 5/5
  1434 | D:3      | Found a shadowy altar of Dithmenos.
  1640 | D:4      | Reached skill level 5 in Dodging
  1662 | D:4      | Found a basalt altar of Yredelemnul.
  1730 | D:4      | Reached skill level 5 in Fighting
  1730 | D:4      | Reached XP level 7. HP: 47/61 MP: 6/6
  1741 | D:4      | Reached skill level 6 in Axes
  1930 | D:4      | Noticed Thian's ghost (amateur MiFi)
  1947 | D:4      | Killed Thian's ghost
  1947 | D:4      | Reached skill level 5 in Armour
  2284 | D:4      | Killed from afar by an orc priest

Skill      XL: |  1  2  3  4  5  6  7 |
---------------+----------------------+-----
Armour         | 1 2 3 4 5 |  5.1
Axes           | 4 5 6 |  6.5
Fighting       | 3 4 5 |  5.8
Dodging        | 4 5 |  5.9
Throwing       | |  2.0

Action                   |  1- 3 |  4- 6 |  7- 9 || total
-------------------------+-------+-------+-------++-------
Melee: War axe           |    62 |    74 |    42 ||   178
       Headbutt          |     8 |    24 |     9 ||    41
  Use: Potion            |       |     2 |       ||     2
  Eat: Chunk             |       |     3 |     1 ||     4
Armor: Leather armour    |     3 |       |       ||     3
       Chain mail        |    30 |    68 |    10 ||   108
Dodge: Dodged            |    52 |    47 |    17 ||   116
